AoeStats
← 雪风

Arena

510764410Analyzed
4v4 RM · 1d ago on Oct 2, 2026· 66m 9s· 8 players
Game mode
Random Map
Map size
Large (8 player)
Population
200
Speed
Normal
Resources
Standard
Victory
Conquest
Starting age
Dark Age
Ending age
Imperial Age
RankedLock teamsTeams togetherTeam positionsShared explorationLock speedFull tech treeHidden civsTurbo modeCheats
Victory
Defeat
🇨🇳 Poles · China
1074
+11
🇨🇳 Varangians · China
1068
+12
🇨🇳 Mongols · China
1038
+13
🇦🇷 Chinese · Argentina
952
+46
🇺🇸 Varangians · United States
1003
-14
🇧🇷 Persians · Brazil
1000
-42
🇮🇳 Berbers · India
960
-13
🇮🇳 Turks · India
916
-11
Bbullet2
10:49 Feudal Age
14:48 Castle Age
14:38 Horse Collar
14:45 Double-Bit Axe
24:15 Wheelbarrow
23:51 Bow Saw
23:43 Heavy Plow
25:30 Hand Cart
26:24 Forging
29:30 Gambesons
29:45 Squires
29:31 Arson
30:26 Iron Casting
29:51 Scale Mail Armor
30:59 Loom
34:04 Imperial Age
32:09 Chain Mail Armor
34:19 Caravan
35:39 Plate Mail Armor
35:32 Guilds
36:36 Blast Furnace
35:52 Gold Mining
35:54 Stone Mining
37:15 Two-Man Saw
35:45 Gothikon
36:36 Elite Varangian Guard
41:02 Stone Shaft Mining
43:40 Crop Rotation
43:32 Conscription
TitioLu7283
20:47 Feudal Age
22:00 Wheelbarrow
21:41 Double-Bit Axe
26:21 Man-at-Arms
30:45 Castle Age
29:16 Gold Mining
32:11 Hand Cart
38:34 Bow Saw
38:33 Stone Mining
39:24 Gold Shaft Mining
43:53 Parthian Tactics
49:05 Imperial Age
51:07 Long Swordsman
51:35 Gambesons
Newplayer (muted all)
10:55 Feudal Age
14:41 Castle Age
12:48 Horse Collar
16:31 Heavy Plow
16:21 Double-Bit Axe
22:00 Wheelbarrow
22:25 Bow Saw
24:07 Hand Cart
26:39 Husbandry
29:55 Imperial Age
27:38 Thumb Ring
27:55 Gold Mining
27:55 Stone Mining
27:54 Town Watch
28:39 Bloodlines
28:39 Scale Barding Armor
28:35 Scale Mail Armor
28:48 Padded Archer Armor
28:38 Fletching
29:30 Ballistics
29:21 Masonry
29:00 Treadmill Crane
29:17 Light Cavalry
31:09 Chain Barding Armor
31:20 Conscription
30:37 Elite Skirmisher
32:29 Chemistry
32:29 Gold Shaft Mining
32:30 Leather Archer Armor
32:10 Bodkin Arrow
34:30 Bracer
35:01 Ring Archer Armor
34:50 Hussar
37:34 Heavy Camel Rider
39:51 Plate Barding Armor
39:27 Forging
43:22 Iron Casting
42:36 Elite Genitour
45:21 Blast Furnace
54:40 Capped Ram
55:43 Loom
56:01 Town Patrol
burned doc
12:03 Feudal Age
17:52 Castle Age
22:04 Imperial Age
21:36 Wheelbarrow
23:19 Double-Bit Axe
30:46 Wheelbarrow
37:05 Gold Mining
37:33 Hand Cart
38:03 Horse Collar
39:02 Bow Saw
42:42 Man-at-Arms
45:51 Squires
45:55 Scale Mail Armor
3bs76jfew
11:27 Feudal Age
13:03 Wheelbarrow
12:37 Double-Bit Axe
12:34 Horse Collar
14:12 Gold Mining
20:58 Castle Age
19:58 Loom
20:16 Stone Mining
21:57 Hand Cart
22:15 Heavy Plow
34:31 Town Watch
36:27 Bow Saw
39:08 Imperial Age
42:59 Husbandry
42:19 Cavalier
43:10 Bloodlines
42:21 Light Cavalry
42:26 Elite Chu Ko Nu
44:56 Town Patrol
46:28 Gold Shaft Mining
46:28 Stone Shaft Mining
46:28 Gold Shaft Mining
45:19 Elite Skirmisher
46:29 Conscription
45:50 Capped Ram
47:22 Caravan
47:53 Coinage
48:36 Sappers
50:02 Coinage
48:57 Siege Ram
55:36 Banking
59:14 Forging
59:04 Scale Mail Armor
59:10 Scale Barding Armor
58:55 Fletching
59:05 Padded Archer Armor
58:56 Fletching
60:37 Iron Casting
61:42 Chain Mail Armor
61:47 Chain Barding Armor
62:42 Bodkin Arrow
63:02 Leather Archer Armor
62:42 Bodkin Arrow
63:02 Leather Archer Armor
mikey
10:18 Feudal Age
11:26 Double-Bit Axe
14:06 Castle Age
11:56 Double-Bit Axe
13:30 Horse Collar
22:11 Heavy Plow
23:01 Gambesons
23:58 Scale Mail Armor
24:53 Squires
25:56 Bow Saw
26:25 Chain Mail Armor
27:03 Loom
27:04 Town Watch
28:15 Wheelbarrow
29:07 Bloodlines
29:36 Vendel Legacy
30:45 Scale Barding Armor
31:00 Husbandry
36:50 Imperial Age
34:40 Hand Cart
36:19 Gold Mining
37:54 Gothikon
38:02 Cavalier
39:56 Two-Man Saw
39:29 Crop Rotation
38:58 Arson
38:47 Elite Varangian Guard
39:46 Forging
41:53 Stone Mining
42:59 Iron Casting
42:45 Chain Barding Armor
42:55 Plate Mail Armor
42:51 Chain Barding Armor
43:23 Stone Shaft Mining
43:38 Conscription
46:30 Blast Furnace
44:56 Elite Jarl
48:57 Plate Barding Armor
48:12 Fletching
54:57 Capped Ram
57:15 Bodkin Arrow
57:20 Padded Archer Armor
57:03 Treadmill Crane
57:44 Ballistics
57:30 Siege Engineers
58:25 Chemistry
57:36 Masonry
58:04 Siege Ram
59:38 Murder Holes
59:49 Town Patrol
59:58 Spies/Treason
宝宝巴士
9:35 Feudal Age
13:36 Castle Age
13:56 Loom
23:58 Double-Bit Axe
23:58 Horse Collar
27:17 Stone Mining
27:29 Heavy Plow
28:06 Bow Saw
28:10 Gold Mining
30:31 Wheelbarrow
32:40 Imperial Age
31:29 Gold Shaft Mining
31:31 Stone Shaft Mining
31:42 Hand Cart
31:37 Scale Barding Armor
32:33 Ballistics
32:28 Bloodlines
32:20 Husbandry
32:48 Forging
32:58 Chain Barding Armor
34:57 Conscription
33:58 Elite Mangudai
34:59 Drill
34:18 Capped Ram
34:37 Elite Steppe Lancer
35:40 Town Watch
37:15 Padded Archer Armor
37:06 Fletching
37:51 Iron Casting
42:35 Parthian Tactics
42:15 Thumb Ring
42:31 Leather Archer Armor
42:11 Bodkin Arrow
43:16 Blast Furnace
44:43 Bracer
44:49 Caravan
45:30 Light Cavalry
47:04 Scale Mail Armor
46:35 Elite Skirmisher
49:55 Chain Mail Armor
50:38 Pikeman
51:21 Squires
51:06 Arson
51:30 Hussar
51:55 Pikeman
53:07 Siege Ram
54:53 Plate Mail Armor
54:44 Nomads
62:58 Masonry
62:52 Town Patrol
63:10 Siege Ram
雪风
10:22 Feudal Age
10:52 Double-Bit Axe
17:34 Castle Age
15:42 Horse Collar
16:11 Stone Mining
16:47 Gold Mining
18:40 Bow Saw
19:41 Pikeman
21:05 Heavy Plow
22:41 Wheelbarrow
23:19 Loom
24:49 Stone Shaft Mining
27:08 Imperial Age
25:48 Hand Cart
26:15 Forging
26:30 Crossbowman
27:15 Thumb Ring
28:44 Conscription
29:02 Fletching
30:21 Crop Rotation
29:40 Treadmill Crane
30:55 Ballistics
31:01 Bodkin Arrow
32:05 Bracer
32:06 Scale Mail Armor
31:59 Elite Skirmisher
32:43 Padded Archer Armor
33:45 Iron Casting
32:53 Light Cavalry
33:43 Bloodlines
33:34 Husbandry
34:22 Murder Holes
35:28 Chemistry
35:52 Scale Barding Armor
35:17 Arbalester
36:59 Winged Hussar
41:22 Blast Furnace
40:44 Chain Barding Armor
40:54 Leather Archer Armor
41:26 Fortified Wall
43:44 Chain Mail Armor
45:46 Hoardings
49:20 Szlachta Privileges
49:46 Squires
50:03 Guard Tower
50:25 Masonry
50:17 Town Watch
50:12 Capped Ram
51:55 Caravan
Connection lost

Rejoining the realm…

Still unreachable

The connection could not be restored.

Session expired

The server has moved on; the page needs a fresh start.